 Dungeon Crawl Stone Soup version 0.24-a0-524-gf43b32f (webtiles) character file.

Game seed: 14859003820747151059

235 pkoi the Slasher (level 6, -3/44 HPs)
             Began as a Formicid Gladiator on July 30, 2019.
             Killed by divine providence
             ... invoked by an orc priest
              (15 damage)
             ... on level 4 of the Dungeon.
             The game lasted 00:03:17 (2658 turns).

pkoi the Slasher (Formicid Gladiator)               Turns: 2658, Time: 00:03:18

Health: -3/44      AC: 10    Str: 20    XL:     6   Next: 26%
Magic:  6/6        EV:  8    Int: 13    God:
Gold:   131        SH:  0    Dex: 15    Spells: 5/5 levels left

rFire    . . .     SeeInvis +   a - +0 long sword
rCold    . . .     Gourm    .   (no shield)
rNeg     . . .     Faith    .   l - +0 chain mail
rPois    .         Spirit   .   (helmet unavailable)
rElec    .         Reflect  .   (no cloak)
rCorr    .         Harm     .   b - +1 pair of gloves {Dex+3}
MR       .....                  (no boots)
Stlth    ..........             n - amulet of regeneration
HPRegen  0.54/turn              (no ring)
MPRegen  0.10/turn              (no ring)

@: brilliant
A: permanent stasis, dig shafts and tunnels, four strong arms, antennae 3
a: Dig, Shaft Self


You were on level 4 of the Dungeon.
You were not hungry.

You visited 1 branch of the dungeon, and saw 4 of its levels.

You collected 131 gold pieces.

Inventory:

Hand Weapons
 a - a +0 long sword (weapon)
Missiles
 c - 3 throwing nets (quivered)
 f - 3 atropa-tipped darts
Armour
 b - a +1 pair of gloves of dexterity (worn)
 l - a +0 chain mail (worn)
Jewellery
 n - an amulet of regeneration (around neck)
Wands
 i - a wand of enslavement (12)
Scrolls
 k - a scroll of identify
 q - a scroll of fear
Potions
 e - a potion of haste
 h - a potion of mutation
 j - 2 potions of curing
Comestibles
 d - 10 rations
 o - a chunk of flesh


   Skills:
 - Level 2.1 Fighting
 + Level 6.5 Long Blades
 - Level 2.0 Throwing
 - Level 2.6 Dodging


You had 5 spell levels left.
You didn't know any spells.
Your spell library was empty.

Dungeon Overview and Level Annotations

Branches:
Dungeon (4/15)
 Temple: D:4-7

Altars:
Nemelex Xobeh

Annotations:
D:4 Eustachio


Innate Abilities, Weirdness & Mutations

You cannot be hasted, slowed, berserked, paralysed or teleported.
You can dig through walls and to a lower floor.
Your four strong arms can wield two-handed weapons with a shield.
You have a pair of large antennae on your head. (SInv)


Message History

An orc priest comes into view. It is wielding a -2 dagger.
The orc priest shouts!
Eustachio mumbles some strange words.
Eustachio blinks!
The orc priest casts a cantrip, but nothing happens.
Items here: )))) [[ † You start resting.
The orc priest is too close now for your liking.
You hit the orc priest.
The orc priest is moderately wounded.
The orc priest hits you but does no damage.
You hit the orc priest.
The orc priest is heavily wounded.
The orc priest hits you but does no damage.
You closely miss the orc priest.
The orc priest is heavily wounded.
The orc priest hits you but does no damage.
The orc priest mumbles some strange prayers to Beogh against you.
Beogh smites you!
You die...

...## ##.......##
..........##
............#
..............##
...........o...#
..............####
..........§....#@#
..........<).{#o##
..............###
#.............#
#..........##
######....##
##.@...##
##.....##
####.....##


You could see an orc priest.

Vanquished Creatures
  A scorpion (D:3)
  Terence (D:2)
  2 orc wizards (D:4)
  5 adders
  A worm (D:2)
  3 dart slugs
  4 leopard geckos
  3 orcs (D:4)
  6 bats
  3 giant cockroaches
  4 hobgoblins
  5 kobolds
  2 quokkas (D:2)
  6 goblins
  5 rats
51 creatures vanquished.

Notes
Turn   | Place    | Note
-------+----------+-------------------------------------------
     0 | D:1      | pkoi the Formicid Gladiator began the quest for the Orb.
     0 | D:1      | Reached XP level 1. HP: 16/16 MP: 1/1
    72 | D:1      | Reached XP level 2. HP: 22/22 MP: 2/2
   358 | D:1      | Reached skill level 4 in Long Blades
   358 | D:1      | Reached XP level 3. HP: 27/27 MP: 3/3
   634 | D:2      | Noticed Terence
   657 | D:2      | Killed Terence
   657 | D:2      | Reached XP level 4. HP: 25/33 MP: 4/4
   873 | D:2      | Reached skill level 5 in Long Blades
  1074 | D:2      | Found a sparkling altar of Nemelex Xobeh.
  1237 | D:2      | Reached XP level 5. HP: 30/38 MP: 5/5
  2153 | D:3      | Reached skill level 6 in Long Blades
  2580 | D:4      | Noticed Eustachio
  2639 | D:4      | Reached XP level 6. HP: 11/44 MP: 6/6
  2658 | D:4      | Killed from afar by an orc priest

Levels and vault maps discovered:
D:1:      evilmike_arrival_hilbert_curve, layout_loops_cross
D:2:      layout_basic, nemelex_xobeh_ov_fountains_minmay, uniq_terence
D:3:      layout_basic
D:4:      layout_cave_pods, gammafunk_temple_overflow_statue, first_ration,
          uniq_eustachio, uniq_robin, uniq_grinder, uniq_menkaure,
          uniq_blork_the_orc, uniq_ijyb

Skill      XL: |  1  2  3  4  5 |
---------------+----------------+-----
Long Blades    | 4 5 6 |  6.5
Fighting       | |  2.1
Throwing       | |  2.0
Dodging        | |  2.6

Action                   |  1- 3 |  4- 6 || total
-------------------------+-------+-------++-------
Melee: Long sword        |    51 |   137 ||   188
 Abil: Dig               |       |     1 ||     1
  Use: Scroll            |       |     6 ||     6
       Potion            |       |     4 ||     4
  Eat: Chunk             |       |     6 ||     6
Armor: Leather armour    |    18 |       ||    18
       Chain mail        |       |    67 ||    67
Dodge: Dodged            |    38 |    58 ||    96
       Rpst.: Long sword |    14 |    18 ||    32

Table legend:
 A = Non-vault XP
 B = Vault XP
 C = Vault XP percentage of total XP
 D = Non-vault monster count
 E = Vault monster count
 F = Vault count percentage of total count
                 A         B        C        D         E       F
            +---------+---------+-------+---------+---------+-------
      Total |     300 |      36 |  10.7 |      50 |       1 |   2.0
            +---------+---------+-------+---------+---------+-------
        D:1 |      39 |       0 |   0.0 |      20 |       0 |   0.0
        D:2 |      86 |      36 |  29.5 |      19 |       1 |   5.0
        D:3 |      89 |       0 |   0.0 |       6 |       0 |   0.0
        D:4 |      86 |       0 |   0.0 |       5 |       0 |   0.0
            +---------+---------+-------+---------+---------+-------
